 Dungeon Crawl Stone Soup version 0.23-a0-622-g59b4ea9 (webtiles) character file.

53 Matador8 the Poker (level 3, -4/27 HPs)
             Began as a Merfolk Skald on Dec 23, 2018.
             Slain by a gnoll
             ... wielding a +0 spear
              (6 damage)
             ... on level 2 of the Dungeon.
             The game lasted 00:05:36 (915 turns).

Matador8 the Poker (Merfolk Skald)                   Turns: 915, Time: 00:05:37

Health: -4/27      AC:  3    Str: 11    XL:     3   Next: 87%
Magic:  2/6        EV: 12    Int: 13    God:
Gold:   38         SH:  0    Dex: 13    Spells: 3/6 levels left

rFire    . . .     SeeInvis .   a - +0 spear
rCold    . . .     Gourm    .   (no shield)
rNeg     . . .     Faith    .   b - +0 leather armour
rPois    .         Spirit   .   (no helmet)
rElec    .         Reflect  .   (no cloak)
rCorr    .         Harm     .   (no gloves)
MR       .....                  (no boots)
Stlth    +.........             (no amulet)
HPRegen  0.09/turn              (no ring)
MPRegen  0.10/turn              (no ring)

@: very slightly contaminated
A: change form in water, swift swim, stealthy swim
a: no special abilities


You were on level 2 of the Dungeon.
You were hungry.

You visited 1 branch of the dungeon, and saw 2 of its levels.

You collected 38 gold pieces.

Inventory:

Hand Weapons
 a - a +0 spear (weapon)
Armour
 b - a +0 leather armour (worn)
Scrolls
 g - 3 scrolls of remove curse
 k - a scroll of random uselessness {unknown}
Comestibles
 d - 3 rations
 f - 3 chunks of flesh


   Skills:
 - Level 2.1 Fighting
 + Level 4.7 Polearms
 - Level 0.6 Armour
 - Level 2.6 Dodging
 - Level 2.0 Spellcasting
 + Level 4.3 Charms


You had 3 spell levels left.
You knew the following spells:

 Your Spells              Type           Power        Failure   Level  Hunger
a - Infusion              Chrm           ##..         6%          1    ##.....
b - Shroud of Golubria    Chrm/Tloc      #.........   22%         2    ###....

Your spell library contained the following spells:

 Spells                   Type           Power        Failure   Level  Hunger
 Song of Slaying          Chrm           ##......     9%          2    ###....
 Regeneration             Chrm/Necr      #.........   38%         3    ####...
 Spectral Weapon          Hex/Chrm       #.......     38%         3    ####...


Dungeon Overview and Level Annotations

Branches:
Dungeon (2/15)

Altars:


Message History

g - 3 scrolls of remove curse A gnoll comes into view.
It is wielding a +0 club.
The gnoll hits you.
The gnoll hits you from afar with a +0 spear.
* * * LOW HITPOINT WARNING * * *
Unknown command.
You aren't carrying any potions.
As you read the scroll labeled FAFFOTZYUSI, it crumbles to dust.
The scroll dissolves into smoke.
It was a scroll of fog.
The gnoll barely misses you.
The gnoll hits you from afar with a +0 spear.
* * * LOW HITPOINT WARNING * * *
As you read the scroll labeled ZIKAUPROFAI, it crumbles to dust.
You feel aware of your surroundings.
You sensed 5 altars.
It was a scroll of magic mapping.
The gnoll barely misses you. x2
As you read the scroll labeled OKKU ZEUTTOFOMP, it crumbles to dust.
The creatures around you are filled with an inner flame!
It was a scroll of immolation.
The gnoll misses you.
The gnoll hits you from afar with a +0 spear.
You die...

*** *#h****** *******
*.h,,,,,****_*_*,****
*#h******⌠,*,*,*,*,8**
#.* **,,,,,,,,,,,***
##.## **,,,,,,,,,,,,,,
##...#####⌠,*,*,*,*,8,***
#..#..gg@#*,*_*******,***
#..g.#####****** *,,,,
#g#.## *,,,* ***,***
#.#.# ***,,,****,,,,,*
#.#.# *,,,,,,,**,***,*
#.#.# *,......,,,* *,*
#.#g# *.......#*,***,*
#.#># *#......,,,,,,,*
#...# #.....****,****


You could see 2 gnolls.

Vanquished Creatures
  2 adders (D:2)
  2 oozes
  A dart slug (D:1)
  2 leopard geckos
  4 bats
  A hobgoblin (D:2)
  4 kobolds (D:1)
  2 frilled lizards (D:1)
  4 goblins
  A rat (D:1)
23 creatures vanquished.

Notes
Turn   | Place    | Note
-------+----------+-------------------------------------------
     0 | D:1      | Matador8 the Merfolk Skald began the quest for the Orb.
     0 | D:1      | Reached XP level 1. HP: 16/16 MP: 3/3
    54 | D:1      | Reached XP level 2. HP: 16/22 MP: 5/5
    58 | D:1      | Learned a level 2 spell: Shroud of Golubria
   677 | D:2      | Reached XP level 3. HP: 27/27 MP: 2/6
   733 | D:2      | Noticed an ogre
   915 | D:2      | Slain by a gnoll

Vault maps used:
D:1:      nzn_arrival_crosshair
D:2:      gammafunk_temple_overflow_pools, minitemple

Skill      XL: |  1  2  3 |
---------------+----------+-----
Polearms       | 4 |  4.7
Charms         | 4 |  4.3
Fighting       | |  2.1
Armour         | |  0.6
Dodging        | |  2.6
Spellcasting   | |  2.0

Action                   || total
-------------------------++-------
Melee: Spear             ||    73
 Cast: Infusion          ||    10
       Shroud of Golubri ||     3
  Use: Scroll            ||     4
       Potion            ||     1
Armor: Leather armour    ||    18
Dodge: Dodged            ||    44

Table legend:
 A = Non-vault XP
 B = Vault XP
 C = Vault XP percentage of total XP
 D = Non-vault monster count
 E = Vault monster count
 F = Vault count percentage of total count
                 A         B        C        D         E       F
            +---------+---------+-------+---------+---------+-------
      Total |      76 |       0 |   0.0 |      23 |       0 |   0.0
            +---------+---------+-------+---------+---------+-------
        D:1 |      33 |       0 |   0.0 |      15 |       0 |   0.0
        D:2 |      43 |       0 |   0.0 |       8 |       0 |   0.0
            +---------+---------+-------+---------+---------+-------
